 Dungeon Crawl Stone Soup version 0.30-a0-862-g1aabd4f9c5 (webtiles) character file.

Game seed: 12738735162892460142

797 IdlyInterested the Slasher (level 7, -2/50 (54) HPs)
             Began as a Demonspawn Fighter on Mar 8, 2023.
             Slain by a gnoll
             ... wielding a +0 halberd
             ... led by a gnoll bouda
              (8 damage)
             ... on level 5 of the Dungeon on Mar 9, 2023.
             The game lasted 00:11:51 (4422 turns).

IdlyInterested the Slasher (Demonspawn Fighter)     Turns: 4422, Time: 00:11:52

HP:   -2/50 (54)    AC: 12    Str: 17    XL:     7   Next: 58%
MP:   8/8           EV: 10    Int:  9    God:
Gold: 215           SH:  0    Dex: 14    Spells: 8/8 levels left

rFire   . . .      SeeInvis +    a - +1 long sword
rCold   . . .      Faith    .    c - +0 buckler
rNeg    + . .      Spirit   .    h - +4 ring mail "Ukhluor" {rElec Will+ SInv}
rPois   .          Reflect  +    (helmet restricted)
rElec   +          Rampage  .    p - +0 cloak
rCorr   .                        n - +0 pair of gloves
Will    +....                    (no boots)
Stlth   +                        l - amulet of reflection
HPRegen 0.28/turn                i - ring of positive energy
MPRegen 0.11/turn                (no ring)

@: confused, ambrosia-drunk, weakened, drained
A: horns 1, spiny 1, sharp scales 1, demonic magic 1
a: no special abilities


You were on level 5 of the Dungeon.
You visited 2 branches of the dungeon, and saw 6 of its levels.

You collected 215 gold pieces.

Inventory:

Hand Weapons
 a - a +1 long sword (weapon)
 d - a +0 falchion
 f - a +0 great sword
 o - a +0 long sword
 r - a +0 falchion
Missiles
 b - 2 datura-tipped darts
 e - 54 stones (quivered)
Armour
 c - a +0 buckler (worn)
 h - the +4 ring mail "Ukhluor" (worn) {rElec Will+ SInv}
   (You found it on level 2 of the Dungeon)

   rElec:     It insulates you from electricity.
   SInv:      It lets you see invisible.
   Will:      It increases your willpower.
 n - a +0 pair of gloves (worn)
 p - a +0 cloak (worn)
 s - a +3 leather armour of cold resistance
Magical Staves
 u - a staff of poison
Jewellery
 g - an amulet of faith
 i - a ring of positive energy (left hand)
 k - a ring of ice
 l - an amulet of reflection (around neck)
Wands
 x - a wand of iceblast (12)
Scrolls
 m - 2 scrolls of identify
 v - a scroll of teleportation
Potions
 j - a potion of ambrosia
 q - 2 potions of curing
 t - a potion of berserk rage


   Skills:
 - Level 4.0 Fighting
 + Level 5.8 Long Blades
 - Level 1.0 Throwing
 - Level 2.6 Armour
 - Level 1.0 Dodging
 - Level 4.0 Stealth
 + Level 2.9 Shields
 - Level 1.0 Spellcasting
 - Level 1.0 Evocations


You had 8 spell levels left.
You didn't know any spells.
Your spell library contained the following spells:

 Spells                   Type           Power      Damage    Failure   Level
 Freeze                   Ice            0%         1d3       65%         1
 Frozen Ramparts          Ice            0%         1d1       95%         3
 Hailstorm                Conj/Ice       0%         3d3       95%         3
 Summon Forest            Summ/Tloc      0%         N/A       100%        5
 Summon Mana Viper        Hex/Summ       0%         N/A       100%        5
 Summon Cactus Giant      Summ           0%         N/A       100%        6


Dungeon Overview and Level Annotations

Branches:
Dungeon (5/15)             Temple (1/1) D:4

Altars:
Ashenzari
Cheibriados
Fedhas
Hepliaklqana
Kikubaaqudgha
Makhleb
Uskayaw
Wu Jian
Yredelemnul


Innate Abilities, Weirdness & Mutations

You have a pair of small horns on your head.
You are partially covered in sharp spines.
You are partially covered in razor-sharp scales. (AC +1, Slay +1)
Spells you cast may paralyse adjacent enemies.


Message History

You are confused.
You feel invigorated.
The gnoll is no longer moving quickly.
The gnoll hits you from afar with a +0 halberd.
The gnoll bouda barks out a call to the hunt!
The gnoll picks up the pace!
The gnoll hits you but does no damage. The gnoll is struck by your spines.
The gnoll hits you but does no damage.
The gnoll hits you from afar with a +0 spear.
The gnoll bouda is struck by your spines.
The gnoll bouda hits you with a +0 club.
Things that are here:
a +0 flail; a scroll of immolation; a gnoll corpse You bump into the rock wall.
The gnoll hits you from afar with a +0 halberd!
* * * LOW HITPOINT WARNING * * *
The gnoll misses you. The gnoll hits you but does no damage.
The gnoll bouda is struck by your spines.
The gnoll bouda closely misses you.
You barely miss the gnoll.
The gnoll is heavily wounded.
The gnoll hits you from afar with a +0 halberd.
* * * LOW HITPOINT WARNING * * *
The gnoll is struck by your spines. The gnoll barely misses you.
The gnoll hits you but does no damage. The gnoll bouda closely misses you.
You barely miss the gnoll.
The gnoll is severely wounded.
The gnoll closely misses you. The gnoll hits you with a +0 halberd!
* * * LOW HITPOINT WARNING * * *
The gnoll barely misses you. The gnoll bouda closely misses you.
You completely miss the gnoll bouda.
The gnoll bouda is severely wounded.
The gnoll hits you from afar with a +0 halberd!
* * * LOW HITPOINT WARNING * * *
The gnoll is struck by your spines. The gnoll hits you with a +0 halberd.
* * * LOW HITPOINT WARNING * * *
The gnoll hits you but does no damage.
The gnoll bouda is struck by your spines.
You kill the gnoll bouda!
The gnoll hits you but does no damage. The gnoll hits you with a +0 halberd!
You die...

#### ..... # ..|..
#####.. ......
##....... ......
#....# ...)..####..#
.......gg@).#
.......g#####
......#)###
########### .....
#...#### #.........#
#### ###....#
#.......>.#
####.###.........#
.###...#.........#
....................#
....................#


You could see 3 gnolls.

Vanquished Creatures
  Eustachio (D:4)
  Edmund (D:5)
  A centaur (D:4)
  Blork the orc (D:4)
  A scorpion (D:4)
  2 hounds (D:5)
  An orc priest (D:4)
  A gnoll bouda (D:5)
  Natasha (thrice) (D:2)
  2 gnolls (D:5)
  5 adders
  A shadow imp (D:4)
  An ufetubus (D:4)
  A dart slug (D:2)
  6 orcs
  7 ball pythons
  8 bats
  12 endoplasms
  3 giant cockroaches
  6 goblins
  7 hobgoblins
  3 jackals (D:2)
  7 quokkas
  5 kobolds
  7 rats
93 creatures vanquished.

Notes
Turn   | Place    | Note
-------+----------+-------------------------------------------
     0 | D:1      | IdlyInterested the Demonspawn Fighter began the quest for
                  | the Orb.
     0 | D:1      | Reached XP level 1. HP: 18/18 MP: 1/1
    77 | D:1      | Reached skill level 2 in Long Blades
   181 | D:1      | Reached skill level 1 in Throwing
   181 | D:1      | Gained mutation: You are partially covered in razor-sharp
                  | scales. (AC +1, Slay +1) [demonic ancestry]
   181 | D:1      | Reached XP level 2. HP: 24/24 MP: 2/2
  1227 | D:2      | Found a faded altar of an unknown god.
  1369 | D:2      | Reached skill level 1 in Evocations
  1467 | D:2      | Gained mutation: Spells you cast may paralyse adjacent
                  | enemies. [demonic ancestry]
  1467 | D:2      | Reached XP level 3. HP: 29/29 MP: 3/3
  1529 | D:2      | Identified the +4 ring mail "Ukhluor" {rElec Will+ SInv}
  1551 | D:2      | Reached skill level 1 in Stealth
  1924 | D:2      | Noticed Natasha
  1934 | D:2      | Killed Natasha
  1935 | D:2      | Reached skill level 3 in Long Blades
  1935 | D:2      | Reached skill level 1 in Dodging
  1935 | D:2      | Reached XP level 4. HP: 20/35 MP: 4/4
  2140 | D:2      | Noticed Natasha
  2150 | D:2      | Killed Natasha
  2166 | D:2      | Noticed Natasha
  2178 | D:2      | Killed Natasha
  2179 | D:2      | Reached skill level 1 in Spellcasting
  2301 | D:3      | Found an ornate altar of the Wu Jian Council.
  2548 | D:3      | Reached XP level 5. HP: 31/41 MP: 6/6
  3269 | D:4      | Noticed a centaur
  3270 | D:4      | Killed a centaur
  3271 | D:4      | Reached skill level 4 in Long Blades
  3349 | D:4      | Noticed Eustachio
  3355 | D:4      | Gained mutation: You are partially covered in sharp spines.
                  | [demonic ancestry]
  3355 | D:4      | Reached XP level 6. HP: 21/47 MP: 7/7
  3380 | D:4      | Killed Eustachio
  3417 | D:4      | Found a hazy altar of Hepliaklqana.
  3480 | D:4      | Found a staircase to the Ecumenical Temple.
  3480 | D:4      | Noticed Blork the orc
  3494 | D:4      | Killed Blork the orc
  3540 | Temple   | Entered the Ecumenical Temple
  3764 | D:4      | Found a broken altar of Ashenzari.
  3774 | D:4      | Gained mutation: You have a pair of small horns on your
                  | head. [demonic ancestry]
  3774 | D:4      | Reached XP level 7. HP: 47/52 MP: 8/8
  3962 | D:4      | Reached skill level 5 in Long Blades
  4065 | D:4      | Found a snail-covered altar of Cheibriados.
  4128 | D:5      | Entered Level 5 of the Dungeon
  4149 | D:5      | Noticed Edmund
  4177 | D:5      | Killed Edmund
  4422 | D:5      | Slain by a gnoll

Illustrated notes

Levels and vault maps discovered:
D:1:      psy_arrival_dodecagon, layout_basic
D:2:      layout_basic, shapermc_ecumenical_altar_mp_ritualfount, uniq_natasha
D:3:      layout_loops_ring, lemuel_crystal_altar
D:4:      layout_gridville, mainiacjoe_overflow_concentric_impassable,
          mainiacjoe_overflow_large_starburst, minmay_temple_entry_sparse_star,
          uniq_eustachio, uniq_blork_the_orc
D:5:      layout_rooms, mainiacjoe_overflow_alcove_4, hangedman_decor_growths,
          uniq_edmund
Temple:   nicolae_temple_superstar

Skill      XL: |  1  2  3  4  5  6  7 |
---------------+----------------------+-----
Long Blades    | 2 3 4 5 |  5.8
Throwing       | 1 |  1.0
Evocations     | 1 |  1.0
Stealth        | 1 3 4 |  4.0
Dodging        | 1 |  1.0
Spellcasting   | 1 |  1.0
Fighting       | 4 |  4.0
Armour         | |  2.6
Shields        | |  2.9

Action                     |  1- 3 |  4- 6 |  7- 9 || total
---------------------------+-------+-------+-------++-------
  Melee: Long sword        |   121 |   134 |    63 ||   318
         Headbutt          |       |       |    18 ||    18
  Throw: Stone             |       |       |     4 ||     4
    Use: Scroll            |     4 |     4 |     2 ||    10
         Potion            |       |     1 |     2 ||     3
   Stab: Sleeping          |       |     1 |       ||     1
 Armour: Scale mail        |    49 |       |       ||    49
         Ring mail         |     8 |    59 |    29 ||    96
  Dodge: Dodged            |    44 |    57 |    28 ||   129
  Block: Buckler           |    48 |    76 |    22 ||   146
         Reflection        |     1 |     2 |       ||     3

Table legend: (Time is in decaauts)
 A = Elapsed time spent in this place.
 B = Non-inter-level travel time spent in this place.
 C = Inter-level travel time spent in this place.
 D = Time resting spent in this place.
 E = Time spent auto-exploring this place.
 F = Levels seen in this place.
 G = Mean time per level.
                   A        B        C        D        E       F      G
               +--------+--------+--------+--------+--------+-----+--------+
         Total |   4513 |   3864 |    649 |    311 |   2494 |   6 |  752.2 |
       Dungeon |   4374 |   3747 |    627 |    311 |   2388 |   5 |  874.8 |
        Temple |    138 |    116 |     22 |      0 |    106 |   1 |  138.0 |
               +--------+--------+--------+--------+--------+-----+--------+

Top non-repeatable levels by time:
     D:1: 1233 daAuts
     D:2: 1206 daAuts
     D:3: 939 daAuts
     D:4: 870 daAuts
  Temple: 138 daAuts
     D:5: 124 daAuts
